 Dungeon Crawl Stone Soup version 0.19-a0-1686-g35356ef (webtiles) character file.

252 st0uf the Skirmisher (level 5, -3/42 HPs)
             Began as a Demonspawn Fighter on Sept 25, 2016.
             Slain by Grinder (5 damage)
             ... on level 4 of the Dungeon.
             The game lasted 00:11:23 (3889 turns).

st0uf the Skirmisher (Demonspawn Fighter)           Turns: 3889, Time: 00:11:24

Health: -3/42      AC: 14    Str: 16    XL:     5   Next: 89%
Magic:  14/14      EV: 11    Int:  9    God:
Gold:   236        SH:  0    Dex: 15    Spells: 0 memorised, 4 levels left

rFire  . . .     SeeInvis +     a - +0 long sword
rCold  . . .     Gourm    .     x - +5 ring mail of Teticau {MP+9 Str-2 Dex+3 SInv}
rNeg   . . .     Faith    .     (no shield)
rPois  .         Spirit   .     o - +0 helmet
rElec  .         Dismiss  .     (no cloak)
rCorr  .         Reflect  .     (no gloves)
MR     .....     Harm     .     k - +0 pair of boots
Stlth  +.........               (no amulet)
                                (no ring)
                                (no ring)

@: no status effects
A: claws 1
a: no special abilities


You were on level 4 of the Dungeon.
You were not hungry.

You visited 1 branch of the dungeon, and saw 5 of its levels.

You collected 236 gold pieces.

Inventory:

Hand Weapons
 a - a +0 long sword (weapon)
Armour
 c - a +0 shield
 e - a +0 plate armour
 k - a +0 pair of boots (worn)
 o - a +0 helmet (worn)
 x - the +5 ring mail of Teticau (worn) {MP+9 Str-2 Dex+3 SInv}
   (You found it on level 4 of the Dungeon)

   It affects your strength (-2).
   It affects your dexterity (+3).
   It affects your magic capacity (+9).
   It lets you see invisible.
Jewellery
 n - an uncursed ring of positive energy {unknown}
Scrolls
 b - 5 scrolls of identify
 l - 2 scrolls of remove curse {unknown}
 p - a scroll of enchant weapon {unknown}
 r - 3 scrolls of noise {unknown}
 u - a scroll of random uselessness {unknown}
 w - a scroll of amnesia {unknown}
 y - a scroll of enchant armour {unknown}
Potions
 d - 2 potions of might
 i - a potion of cancellation {unknown}
 q - a potion of lignification {unknown}
 s - a potion of brilliance {unknown}
 t - a potion of invisibility
Comestibles
 f - 3 bread rations
 g - 2 slices of pizza
 h - 2 beef jerkies
 j - 2 royal jellies
 m - 2 meat rations


   Skills:
 * Level 4.1 Fighting
 * Level 3.3 Long Blades
 + Level 3.5 Armour
 + Level 2.0 Dodging
 + Level 3.3 Shields


You had 4 spell levels left.
You didn't know any spells.

Dungeon Overview and Level Annotations

Branches:
Dungeon (5/15)
 Temple: D:4-7

Altars:

Annotations:
D:3 exclusion: downstairs
D:4 Grinder


Innate Abilities, Weirdness & Mutations

You have sharp fingernails.


Message History

Grinder hits you but does no damage. x2
Grinder hits you.
You writhe in agony.
Grinder hits you but does no damage.
You can move again.
You hit Grinder.
Grinder is moderately wounded.
Grinder hits you.
* * * LOW HITPOINT WARNING * * *
You writhe in agony.
* * * LOW HITPOINT WARNING * * *
Unknown command.
You hit Grinder but do no damage.
Grinder is moderately wounded.
Grinder misses you. Grinder hits you but does no damage.
You slash Grinder!
Grinder is heavily wounded.
Grinder hits you.
* * * LOW HITPOINT WARNING * * *
You writhe in agony.
You die...

.. #.##..# #####.#
######....## ..#..
#.........#### ##....
..######.....# #$...#
#.....# #....# #.....# .
#.### #.....#
....#...##########.....##
#....5@>...............
########....###########
####........####
##########.....
##............##
####..######....###
#....###....#......
#.#### #....#...### ##.#
#)....##.###


You could see Grinder.

Vanquished Creatures
  An iguana (D:5)
  2 worker ants
  A hound skeleton (D:4)
  A gnoll (D:1)
  10 adders
  An adder skeleton (D:4)
  A worm (D:2)
  A leopard gecko (D:1)
  3 orcs
  3 bats
  2 giant cockroaches
  8 goblins
  4 hobgoblins
  3 jackals (D:5)
  2 quokkas
  A ball python (D:2)
  3 frilled lizards
  7 kobolds
  A leopard gecko skeleton (D:4)
  7 rats
62 creatures vanquished.

Notes
Turn   | Place    | Note
-------+----------+-------------------------------------------
     0 | D:1      | st0uf the Demonspawn Fighter began the quest for the Orb.
     0 | D:1      | Reached XP level 1. HP: 18/18 MP: 1/1
   377 | D:1      | Gained mutation: You have sharp fingernails. [demonic ancestry]
   377 | D:1      | Reached XP level 2. HP: 24/24 MP: 2/2
   924 | D:1      | Reached skill level 1 in Dodging
   949 | D:1      | Reached XP level 3. HP: 29/29 MP: 3/3
  1595 | D:2      | Reached XP level 4. HP: 29/35 MP: 4/4
  2879 | D:3      | Reached XP level 5. HP: 42/42 MP: 5/5
  3180 | D:4      | Got a translucent ring mail
  3181 | D:4      | Identified the +5 ring mail of Teticau {MP+9 Str-2 Dex+3 SInv} (You found it on level 4 of the Dungeon)
  3266 | D:4      | Noticed Grinder
  3272 | D:5      | Entered Level 5 of the Dungeon
  3288 | D:4      | Paralysed by Grinder for 2 turns
  3307 | D:5      | Reached skill level 4 in Fighting
  3534 | D:4      | Paralysed by Grinder for 2 turns
  3546 | D:4      | Paralysed by Grinder for 6 turns
  3553 | D:4      | Paralysed by Grinder for 5 turns
  3880 | D:4      | Paralysed by Grinder for 7 turns
  3887 | D:4      | HP: 2/42 [Grinder (6)]
  3889 | D:4      | Slain by Grinder

Vault maps used:
D:1:      scummos_arrival_simple_crosswalls
D:2:      first_bread
D:3:      nicolae_underground_beach
D:4:      uniq_grinder
D:5:      ashenzari_altar_1, old_standard_altar, minmay_tree_intersection,
          uniq_sigmund

Skill      XL: |  1  2  3  4  5 |
---------------+----------------+-----
Long Blades    | 2 3 |  3.3
Dodging        | 1 2 |  2.0
Armour         | 3 |  3.5
Shields        | 3 |  3.3
Fighting       | 4 |  4.1

Action                   |  1- 3 |  4- 6 || total
-------------------------+-------+-------++-------
Melee: Long sword        |   135 |   186 ||   321
  Use: Potion            |     1 |       ||     1
       Scroll            |       |     1 ||     1
 Stab: Distracted        |       |     1 ||     1
  Eat: Chunk             |     2 |     8 ||    10
Armor: Plate armour      |   106 |    99 ||   205
       Ring mail         |       |    20 ||    20
Dodge: Dodged            |    29 |    63 ||    92
